 Dungeon Crawl Stone Soup version 0.29-a0-648-g6b26cc9f40 (webtiles) character file.

Game seed: 14294668934892560281

347 xian the Covered (level 6, -8/47 HPs)
             Began as a Demonspawn Fighter on June 20, 2022.
             Mangled by a small abomination (10 damage)
             ... on level 4 of the Dungeon.
             The game lasted 00:08:39 (2779 turns).

xian the Covered (Demonspawn Fighter)               Turns: 2779, Time: 00:08:40

Health: -8/47      AC: 11    Str: 18    XL:     6   Next: 32%
Magic:  6/6        EV:  9    Int:  9    God:
Gold:   226        SH:  9    Dex: 13    Spells: 5/5 levels left

rFire   . . .      SeeInvis .   d - +2 short sword (venom)
rCold   . . .      Faith    .   c - +0 buckler
rNeg    . . .      Spirit   .   b - +0 scale mail
rPois   .          Reflect  .   k - +0 helmet
rElec   .          Harm     .   (no cloak)
rCorr   .          Rampage  .   (no gloves)
Will    .....                   (no boots)
Stlth   ..........              (no amulet)
HPRegen 0.15/turn               (no ring)
MPRegen 0.10/turn               (no ring)

@: mighty
A: claws 1, icy blue scales 2, condensation shield
a: no special abilities


You were on level 4 of the Dungeon.
You visited 1 branch of the dungeon, and saw 4 of its levels.

You collected 226 gold pieces.

Inventory:

Hand Weapons
 d - a +2 short sword of venom (weapon)
Missiles
 h - 6 poisoned darts (quivered)
Armour
 b - a +0 scale mail (worn)
 c - a +0 buckler (worn)
 k - a +0 helmet (worn)
Potions
 e - a potion of flight
 f - a potion of attraction {unknown}
 g - a potion of curing
 j - a potion of cancellation {unknown}


   Skills:
 + Level 3.5 Fighting
 + Level 0.6(2.3) Short Blades
 + Level 3.6(3.7) Long Blades
 + Level 3.9 Armour
 + Level 1.8 Dodging
 + Level 0.3 Stealth
 + Level 3.7 Shields


You had 5 spell levels left.
You didn't know any spells.
Your spell library contained the following spells:

 Spells                   Type           Power      Damage    Failure   Level
 Blink                    Tloc           0%         N/A       94%         2
 Conjure Flame            Conj/Fire      0%         6-21      99%         3
 Ignite Poison            Fire/Tmut/Pois 0%         N/A       99%         3
 Lesser Beckoning         Tloc           0%         N/A       99%         3
 Stone Arrow              Conj/Erth      0%         3d7       99%         3
 Corpse Rot               Necr/Pois/Air  0%         N/A       100%        4
 Sticky Flame             Conj/Fire      0%         2d3       100%        4
 Lee's Rapid Deconstruct  Erth           0%         3d5*      100%        5
 Manifold Assault         Tloc           0%         N/A       100%        5
 Maxwell's Capacitive Co  Air            0%         ∞         100%        8


Dungeon Overview and Level Annotations

Branches:
Dungeon (4/15)
 Temple: D:4-7

Altars:

Shops:
D:2 :   D:3 :

Portals:
Abyss: D:4

Annotations:
D:4 happo123's ghost, amateur GrEE


Innate Abilities, Weirdness & Mutations

You have sharp fingernails.
You are mostly covered in icy blue scales. (AC +3)
A meltable shield of frost defends you. (SH +4)


Message History

Happo123's ghost turns its malevolent gaze towards you.
The crimson imp shouts!
There is a transporter here.
You enter the transporter and appear at another place.
A small abomination comes into view.
You aren't carrying any scrolls.
You feel very mighty all of a sudden.
The small abomination hits you but does no damage.
You hit the small abomination but do no damage.
You block the small abomination's attack.
The small abomination hits you.
You hit the small abomination but do no damage.
You block the small abomination's attack.
The small abomination hits you.
The small abomination barely misses you.
You puncture the small abomination!
The small abomination is moderately damaged.
The small abomination hits you. x2
You hit the small abomination but do no damage.
The small abomination is moderately damaged.
The small abomination hits you but does no damage.
The small abomination barely misses you.
You hit the small abomination.
The small abomination is moderately damaged.
The small abomination closely misses you.
You block the small abomination's attack.
You completely miss the small abomination.
The small abomination is moderately damaged.
The small abomination hits you.
You block the small abomination's attack.
You barely miss the small abomination.
The small abomination is moderately damaged.
The small abomination closely misses you.
The crimson imp blinks!
The small abomination hits you!
You hit the small abomination but do no damage.
The small abomination is moderately damaged.
The small abomination hits you!
* * * LOW HITPOINT WARNING * * *
The small abomination hits you!
You die...

#.# #.###...# ..
...#
##......###.^.∩#
#.........#..#.#
#.###......#...#
# #.....##5^.#..
#....##..#.##.
#....#§#.# .#
##..##x.^###..
#..#@xW.^.# .
#..#.###...#
#..### # .. ##


You could see 2 small abominations, happo123's ghost and a crimson imp.

Vanquished Creatures
  Sigmund (D:2)
  An orc priest (D:3)
  3 gnolls (D:3)
  5 adders
  3 worms
  3 dart slugs
  5 orcs (D:3)
  10 ball pythons
  6 bats
  6 endoplasms
  4 giant cockroaches
  3 goblins
  7 hobgoblins
  3 jackals (D:2)
  2 quokkas (D:1)
  5 frilled lizards
  5 kobolds
  4 rats
76 creatures vanquished.

Notes
Turn   | Place    | Note
-------+----------+-------------------------------------------
     0 | D:1      | xian the Demonspawn Fighter began the quest for the Orb.
     0 | D:1      | Reached XP level 1. HP: 18/18 MP: 1/1
    98 | D:1      | Gained mutation: You have sharp fingernails. [demonic
                  | ancestry]
    98 | D:1      | Reached XP level 2. HP: 11/24 MP: 2/2
   740 | D:1      | Gained mutation: A meltable shield of frost defends you.
                  | (SH +4) [demonic ancestry]
   740 | D:1      | Reached XP level 3. HP: 29/29 MP: 3/3
  1000 | D:2      | Noticed Sigmund
  1012 | D:2      | Killed Sigmund
  1013 | D:2      | Reached skill level 1 in Dodging
  1013 | D:2      | Gained mutation: You are partially covered in icy blue
                  | scales. (AC +2) [demonic ancestry]
  1013 | D:2      | Reached XP level 4. HP: 25/35 MP: 4/4
  1013 | D:2      | Gained mutation: You are mostly covered in icy blue scales.
                  | (AC +3) [demonic ancestry]
  1013 | D:2      | Reached XP level 5. HP: 29/41 MP: 5/5
  1218 | D:2      | Found a faded altar of an unknown god.
  1406 | D:2      | Found Itoteoh's Book Boutique.
  1830 | D:3      | Found Onaovipa's Book Shop.
  2012 | D:3      | Reached XP level 6. HP: 46/47 MP: 6/6
  2056 | D:3      | Got Egaecr Lauch's Incunabulum of Dusty Air
  2726 | D:4      | Found a transporter.
  2759 | D:4      | Found a one-way gate to the infinite horrors of the Abyss.
  2759 | D:4      | Noticed happo123's ghost (amateur GrEE)
  2762 | D:4      | Noticed a small abomination
  2779 | D:4      | HP: 2/47 [small abomination (15)]
  2779 | D:4      | Mangled by a small abomination

Illustrated notes

Levels and vault maps discovered:
D:1:      minmay_arrival_semitransparent, layout_loops_cross
D:2:      layout_basic, hellmonk_ecumenical_altar_lost_god, serial_shops, shop,
          uniq_sigmund
D:3:      layout_basic, serial_shops, nicolae_shop_behind_doors
D:4:      layout_loops_corners, gammafunk_ghost_abyssal_escape, uniq_menkaure

Skill      XL: |  1  2  3 |
---------------+----------+-----
Long Blades    | 2 3 |  3.6
Armour         | 3 |  3.9
Shields        | 3 |  3.7
Dodging        | 1 |  1.8
Fighting       | |  3.5
Short Blades   | |  0.6
Stealth        | |  0.3

Action                   |  1- 3 |  4- 6 || total
-------------------------+-------+-------++-------
Melee: Long sword        |    95 |     3 ||    98
       Short sword       |       |   144 ||   144
Throw: Dart              |       |     1 ||     1
  Use: Potion            |     1 |     1 ||     2
       Scroll            |       |     5 ||     5
Armor: Scale mail        |    58 |    69 ||   127
Dodge: Dodged            |    43 |    48 ||    91
Block: Buckler           |    31 |    65 ||    96

Table legend: (Time is in decaauts)
 A = Elapsed time spent in this place.
 B = Non-inter-level travel time spent in this place.
 C = Inter-level travel time spent in this place.
 D = Time resting spent in this place.
 E = Time spent auto-exploring this place.
 F = Levels seen in this place.
 G = Mean time per level.
                   A        B        C        D        E       F      G
               +--------+--------+--------+--------+--------+-----+--------+
         Total |   2817 |   2769 |     48 |      0 |   1921 |   4 |  704.2 |
       Dungeon |   2817 |   2769 |     48 |      0 |   1921 |   4 |  704.2 |
               +--------+--------+--------+--------+--------+-----+--------+

Top non-repeatable levels by time:
     D:1: 1003 daAuts
     D:3: 921 daAuts
     D:2: 815 daAuts
     D:4: 77 daAuts
